 Seeded DCSS version 0.30.0-7-g0c4daa9e05 (webtiles) character file.

Game seed: 18007716519941398942 (custom seed)

13633 IndexError the Skirmisher (level 12, -1/94 HPs)
             Began as a Gnoll Hunter on May 13, 2023.
             Was an Initiate of Ashenzari.
             Slain by a troll (9 damage)
             ... on level 11 of the Dungeon.
             The game lasted 00:12:08 (11626 turns).

IndexError the Skirmisher (Gnoll Hunter)           Turns: 11626, Time: 00:12:08

Health: -1/94      AC: 14    Str: 11    XL:     12   Next: 8%
Magic:  22/22      EV: 16    Int: 10    God:    Ashenzari [......]
Gold:   719        SH: 14    Dex: 21    Spells: 14/25 levels left

rFire   + . .        i - +3 hand crossbow (flame)
rCold   . . .        Z - +2 kite shield
rNeg    . . .        K - +3 leather armour {rPois}
rPois   +            N - +0 hat {Will+}
rElec   +            v - +0 cloak
rCorr   .            U - +0 pair of gloves
SInv    .            f - +0 pair of boots
Will    +....        g - amulet of the acrobat
Stlth   +++++        j - ring of the Tarantula {Wiz rElec rF+ Int+2 Stlth+}
HPRegen 0.35/turn    w - +4 ring of protection
MPRegen 0.18/turn

%: acrobat, wizardry (x1)
@: studying Summonings
A: fangs 1, strong nose, distributed training
a: Renounce Religion, Curse Item


You were on level 11 of the Dungeon.
You worshipped Ashenzari.
Ashenzari was noncommittal.
You visited 2 branches of the dungeon, and saw 13 of its levels.

You collected 719 gold pieces.

Inventory:

Hand Weapons
 i - a +3 hand crossbow of flaming (weapon)
   (You acquired it on level 1 of the Dungeon)
Missiles
 C - 6 atropa-tipped darts
 R - 4 throwing nets {=f, !d}
Armour
 f - a +0 pair of boots (worn)
   (You found it on level 3 of the Dungeon)
 v - a +0 cloak (worn)
   (You found it on level 2 of the Dungeon)
 K - a +3 leather armour of poison resistance (worn)
   (You took it off Eustachio on level 6 of the Dungeon)
 N - a +0 hat of willpower (worn)
   (You took it off Gastronok on level 8 of the Dungeon)
 U - a +0 pair of gloves (worn)
   (You found it on level 10 of the Dungeon)
 Z - a +2 kite shield (worn)
   (You found it on level 11 of the Dungeon)
Jewellery
 c - a +6 ring of strength
   (You found it on level 8 of the Dungeon)
 g - an amulet of the acrobat (around neck)
   (You found it on level 1 of the Dungeon)
 j - the ring of the Tarantula (left hand) {Wiz rElec rF+ Int+2 Stlth+}
   (You acquired it on level 1 of the Dungeon)

   [ring of wizardry]

   It improves your spell success rate.
   Int:       It affects your intelligence (+2).
   rF:        It protects you from fire.
   rElec:     It insulates you from electricity.
   Stlth:     It makes you more stealthy.
 t - a ring of willpower
   (You found it on level 2 of the Dungeon)
 w - a +4 ring of protection (right hand)
   (You found it on level 2 of the Dungeon)
 x - a ring of positive energy {rN+}
   (You found it on level 3 of the Dungeon)
 O - an amulet of guardian spirit {Spirit}
   (You found it on level 9 of the Dungeon)
 W - a ring of fire {rF+, rC-}
   (You found it on level 10 of the Dungeon)
 Y - a ring of protection from fire {rF+, !d}
   (You found it on level 11 of the Dungeon)
Wands
 F - a wand of polymorph (13)
   (You found it on level 4 of the Dungeon)
 I - a wand of mindburst (8)
   (You took it off Ijyb on level 5 of the Dungeon)
 P - a wand of flame (12)
   (You found it on level 9 of the Dungeon)
 S - a wand of paralysis (6)
   (You found it on level 9 of the Dungeon)
Scrolls
 a - a scroll of magic mapping {!r}
 b - 3 scrolls of immolation {!r}
 h - 3 scrolls of fog {unknown}
 l - 2 scrolls of enchant armour {unknown}
 m - a scroll of butterflies {unknown}
 n - a scroll of silence {unknown}
 p - 2 scrolls of brand weapon {unknown}
 q - 5 scrolls of amnesia {unknown}
 r - 10 scrolls of identify {unknown}
 y - a scroll of blinking {unknown}
 z - a scroll of torment {!r}
 A - 2 scrolls of vulnerability {unknown}
 D - 2 scrolls of enchant weapon {unknown}
 E - 4 scrolls of teleportation {unknown}
 M - a scroll of poison {unknown}
 T - 2 scrolls of noise {unknown}
Potions
 d - 2 potions of heal wounds {unknown}
 e - 2 potions of berserk rage {unknown}
 k - 6 potions of might {unknown}
 o - 5 potions of attraction {unknown}
 s - a potion of resistance {unknown}
 u - a potion of haste {unknown}
 G - 3 potions of degeneration {unknown}
 H - 5 potions of curing
 J - 2 potions of invisibility {unknown}
 L - a potion of brilliance {unknown}
 Q - a potion of flight {unknown}
 V - a potion of ambrosia {unknown}
Miscellaneous
 B - a piece from Xom's chessboard (15/15)
   (You found it on level 3 of the Dungeon)


   Skills:
 + Level 8.6 Fighting
 + Level 7.2 Short Blades
 + Level 7.2 Long Blades
 + Level 7.2 Axes
 + Level 7.2 Maces & Flails
 + Level 7.2 Polearms
 + Level 7.2 Staves
 + Level 11.1 Ranged Weapons
 + Level 7.2 Throwing
 + Level 7.2 Armour
 + Level 8.6 Dodging
 + Level 7.6 Stealth
 + Level 7.2 Shields
 + Level 7.2 Unarmed Combat
 + Level 7.2 Spellcasting
 + Level 6.0 Conjurations
 + Level 6.0 Hexes
 + Level 8.6 Summonings
 + Level 6.0 Necromancy
 + Level 6.0 Translocations
 + Level 6.0 Transmutations
 + Level 6.0 Fire Magic
 + Level 6.0 Ice Magic
 + Level 6.0 Air Magic
 + Level 6.0 Earth Magic
 + Level 6.0 Poison Magic
 + Level 7.9 Invocations
 + Level 7.2 Evocations


You had 14 spell levels left.
You knew the following spells:

 Your Spells              Type           Power      Damage    Failure   Level
a - Borgnjor's Vile Clut  Necr/Erth      7%         N/A       54%         5
b - Blink                 Tloc           30%        N/A       4%          2
c - Dazzling Flash        Conj/Hex       30%        N/A       8%          3
g - Apportation           Tloc           30%        N/A       2%          1

Your spell library contained the following spells:

 Spells                   Type           Power      Damage    Failure   Level
 Summon Small Mammal      Summ           80%        N/A       1%          1
 Necrotise                Necr           60%        1d7       2%          1
 Lesser Beckoning         Tloc           30%        N/A       4%          2
 Gell's Gravitas          Tloc           15%        N/A       8%          3
 Inner Flame              Hex/Fire       15%        N/A       8%          3
 Teleport Other           Tloc           15%        N/A       8%          3
 Tukima's Dance           Hex            15%        N/A       8%          3
 Flame Wave               Conj/Fire      15%        2d7       26%         4
 Manifold Assault         Tloc           15%        N/A       26%         4
 Passage of Golubria      Tloc           15%        N/A       26%         4
 Sticky Flame             Conj/Fire      15%        2d4       26%         4
 Agony                    Necr           15%        N/A       54%         5
 Alistair's Intoxication  Tmut/Pois      10%        N/A       54%         5
 Fireball                 Conj/Fire      7%         3d5       54%         5
 Iskenderun's Battlesphe  Conj           15%        2d7       54%         5
 Silence                  Hex/Air        7%         N/A       54%         5
 Yara's Violent Unravell  Hex/Tmut       7%         3d5       54%         5
 Conjure Ball Lightning   Conj/Air       7%         3x3d6     98%         6
 Eringya's Noxious Bog    Tmut/Pois      7%         N/A       98%         6
 Orb of Destruction       Conj           7%         9d6       100%        7
 Storm Form               Tmut/Air       7%         N/A       100%        7


Dungeon Overview and Level Annotations

Branches:
Dungeon (12/15)            Temple (1/1) D:7            Lair (0/5) D:10
    Orc (0/2) D:9

Altars:
Ashenzari
Cheibriados
Dithmenos
Elyvilon
Fedhas
Gozag
Hepliaklqana
Kikubaaqudgha
Makhleb
Nemelex Xobeh
Okawaru
Qazlal
Ru
Sif Muna
Trog
Uskayaw
Vehumet
Wu Jian
Xom
Yredelemnul
Zin
The Shining One

Shops:
D:2 :   D:6 ?   D:7 (


Innate Abilities, Weirdness & Mutations

You have very sharp teeth.
Your uncanny sense of smell can sniff out nearby items.
Your experience applies equally to all skills.


Message History

As you read the scroll labelled DAUD DOTON, it crumbles to dust.
You feel aware of your surroundings.
It was a scroll of magic mapping.
As you read the scroll labelled HIRAUT WETZA, it crumbles to dust.
Your body is wracked with pain!
It was a scroll of torment.
You take 46 damage, and have 48/94 hp.
MASSIVE DAMAGE!!
You start resting.
A boulder beetle is nearby!
You climb upwards.
There is a stone staircase leading down here.
HP restored.
Done exploring.
Health restored: 94 You climb downwards.
You block the boulder beetle's attack. The boulder beetle barely misses you.
There is a stone staircase leading up here.
You shoot a bolt. The bolt hits the boulder beetle!
The bolt burns the boulder beetle.
The boulder beetle leaps!
You shoot a bolt. The bolt hits the boulder beetle!!
The bolt burns the boulder beetle!
A troll comes into view.
You shoot a bolt.
The bolt hits the troll but does no damage.
A manticore comes into view.
You shoot a bolt.
The bolt hits the boulder beetle but does no damage.
The boulder beetle curls into a ball and begins rolling!
You shoot a bolt. The bolt hits the boulder beetle.
The bolt burns the boulder beetle.
You block the boulder beetle's attack.
The boulder beetle stops rolling and uncurls.
You shoot a bolt.
The bolt hits the boulder beetle but does no damage.
The boulder beetle bites you but does no damage.
You shoot a bolt.
The bolt completely misses the boulder beetle.
The bolt hits the manticore!!
The bolt burns the manticore.
You block the boulder beetle's attack.
The boulder beetle bites you but does no damage.
You shoot a bolt. The bolt hits the boulder beetle!
The bolt burns the boulder beetle.
The troll completely misses you. The troll claws you but does no damage.
The troll claws you. You block the boulder beetle's attack.
The troll bites you. The troll barely misses you. The troll misses you.
You take 3 damage, and have 91/94 hp.
You shoot a bolt. The bolt hits the boulder beetle.
The bolt burns the boulder beetle.
The boulder beetle leaps!
The troll bites you! The troll claws you! You block the troll's attack.
You take 16 damage, and have 75/94 hp.
The manticore barely misses you. You block the manticore's attack. x2
You block the troll's attack. The troll claws you but does no damage.
You block the troll's attack.
The boulder beetle curls into a ball and begins rolling!
You climb upwards.
There is a stone staircase leading down here.
You shoot a bolt. The bolt hits the manticore!
The bolt burns the manticore.
You block the manticore's attack. x2; The manticore claws you.
The troll bites you but does no damage. You block the troll's attack.
The troll claws you! The manticore bites you! You block the manticore's attack.
The manticore barely misses you. The troll bites you!
The troll completely misses you. x2
You take 34 damage, and have 41/94 hp.
MASSIVE DAMAGE!!
You are too injured to fight recklessly!
Fire: i) +3 hand crossbow (flame)
Press: ? - help, Q - select action, (/) - cycle Shift-Dir - straight line, f/p - manticore
Aim: a manticore (severely wounded, 80% to hit)
You shoot a bolt. The bolt hits the manticore.
The bolt burns the manticore.
The manticore bites you. The manticore closely misses you.
The manticore claws you!
* * * LOW HITPOINT WARNING * * *
The troll bites you!
* * * LOW HITPOINT WARNING * * *
The troll closely misses you. You block the troll's attack.
Fire: i) +3 hand crossbow (flame)
Press: ? - help, Q - select action, (/) - cycle Shift-Dir - straight line, f/p - manticore
Aim: a manticore (almost dead, 80% to hit)
You shoot a bolt. The bolt hits the manticore!!
The bolt burns the manticore.
The troll barely misses you. You block the troll's attack. The troll claws you.
* * * LOW HITPOINT WARNING * * *
You block the troll's attack. The troll claws you.
* * * LOW HITPOINT WARNING * * *
You block the troll's attack.
Your Conjurations skill increases to level 6!
Your Hexes skill increases to level 6!
Your Necromancy skill increases to level 6!
Your Translocations skill increases to level 6!
Your Transmutations skill increases to level 6!
Your Fire Magic skill increases to level 6!
Your Ice Magic skill increases to level 6!
Your Air Magic skill increases to level 6!
Your Earth Magic skill increases to level 6!
Your Poison Magic skill increases to level 6!
Fire: i) +3 hand crossbow (flame)
Press: ? - help, Q - select action, (/) - cycle Shift-Dir - straight line, f - troll
Aim: a troll (73% to hit)
You shoot a bolt. The bolt hits the troll!!
The bolt burns the troll.
The troll bites you.
* * * LOW HITPOINT WARNING * * *
You block the troll's attack. The troll barely misses you.
You block the troll's attack. The troll claws you but does no damage.
The troll claws you!
You die...

###### #### ### ###### #.##.#####
#..###.## #....####.##...#.#
#.##..#.# #....##.'.....T@####
#..#...## ##.......#.......†..#
#......####
##....##.'..........###......##.#
##....####[..................##..
####### #............<......#.##
##########..###.............#...#
...........## ##.................
...........# #...#.............
...........## ##.##.......###....


You could see a troll.

Vanquished Creatures
  Gastronok (D:8)
  Harold (D:9)
  Erica (D:8)
  Nergalle (D:10)
  A cyclops (D:11)
  3 manticores
  2 ice devils (D:11)
  A kobold demonologist (D:6)
  2 trolls (D:9)
  Grinder (D:5)
  10 yaks
  Eustachio (D:6)
  3 wyverns
  A basilisk (D:10)
  2 steam dragons
  2 vampire mosquitoes (D:11)
  An acid dragon (D:8)
  A floating eye (D:9)
  A water moccasin (D:6)
  2 ice beasts (D:7)
  An orc warrior (D:10)
  A black bear (D:6)
  2 ogres
  11 centaurs
  3 phantoms (D:5)
  2 kobold brigands (D:7)
  Blork the orc (D:4)
  4 gnoll sergeants
  4 bullfrogs
  2 scorpions
  9 wights
  19 killer bees
  A crimson imp (D:9)
  2 jellies
  4 gnoll boudas
  An orc priest (D:6)
  3 hounds
  A sleepcap (D:4)
  Crazy Yiuf (D:7)
  3 iguanas
  5 orc wizards
  Ijyb (D:5)
  37 gnolls
  4 adders
  6 shadow imps
  2 white imps
  3 worms (D:2)
  4 dart slugs
  15 orcs
  3 bats
  10 endoplasms
  4 giant cockroaches
  11 goblins
  2 hobgoblins (D:1)
  6 jackals
  20 kobolds
  4 quokkas
  7 ball pythons
  4 frilled lizards
  6 rats
267 creatures vanquished.

Vanquished Creatures (others)
  A komodo dragon (D:10)
  A wyvern (D:10)
2 creatures vanquished.

Grand Total: 269 creatures vanquished

Notes
Turn   | Place    | Note
-------+----------+-------------------------------------------
     0 | D:1      | IndexError the Gnoll Hunter began the quest for the Orb.
     0 | D:1      | Reached XP level 1. HP: 20/20 MP: 1/1
    57 | D:1      | Reached XP level 2. HP: 22/26 MP: 2/2
   151 | D:1      | Identified 3 scrolls of acquirement
   151 | D:1      | Acquired the ring of the Tarantula {Wiz rElec rF+ Int+2
                  | Stlth+}
   152 | D:1      | Acquired a +3 hand crossbow of flaming
   153 | D:1      | Acquired a manual of Summonings
   349 | D:1      | Reached XP level 3. HP: 31/31 MP: 3/3
   449 | D:1      | Reached skill level 1 in Invocations
   580 | D:1      | Found a faded altar of an unknown god.
   580 | D:1      | Noticed a neqoxec
   700 | D:1      | Reached skill level 1 in Summonings
   973 | D:2      | Reached skill level 1 in Short Blades
   973 | D:2      | Reached skill level 1 in Long Blades
   973 | D:2      | Reached skill level 1 in Axes
   973 | D:2      | Reached skill level 1 in Maces & Flails
   973 | D:2      | Reached skill level 1 in Polearms
   973 | D:2      | Reached skill level 1 in Staves
   973 | D:2      | Reached skill level 1 in Throwing
   973 | D:2      | Reached skill level 1 in Armour
   973 | D:2      | Reached skill level 1 in Shields
   973 | D:2      | Reached skill level 1 in Unarmed Combat
   973 | D:2      | Reached skill level 1 in Spellcasting
   973 | D:2      | Reached skill level 1 in Evocations
  1090 | D:2      | Found Lemucar's Book Boutique.
  1098 | D:2      | Identified the +2 hand axe "Plog" {drain, +Blink rCorr}
  1114 | D:2      | Reached XP level 4. HP: 38/38 MP: 5/5
  1483 | D:2      | Reached skill level 1 in Conjurations
  1483 | D:2      | Reached skill level 1 in Hexes
  1483 | D:2      | Reached skill level 1 in Necromancy
  1483 | D:2      | Reached skill level 1 in Translocations
  1483 | D:2      | Reached skill level 1 in Transmutations
  1483 | D:2      | Reached skill level 1 in Fire Magic
  1483 | D:2      | Reached skill level 1 in Ice Magic
  1483 | D:2      | Reached skill level 1 in Air Magic
  1483 | D:2      | Reached skill level 1 in Earth Magic
  1483 | D:2      | Reached skill level 1 in Poison Magic
  1904 | D:3      | Found a glowing silver altar of Zin.
  1946 | D:3      | Found a glowing golden altar of the Shining One.
  1964 | D:3      | Found a stormy altar of Qazlal.
  2022 | D:3      | Found a shimmering altar of Xom.
  2569 | D:4      | Noticed Blork the orc
  2573 | D:4      | Killed Blork the orc
  2574 | D:4      | Reached XP level 5. HP: 43/43 MP: 5/7
  2661 | D:4      | Found a sparkling altar of Nemelex Xobeh.
  2700 | D:4      | Reached skill level 2 in Summonings
  2897 | D:4      | Reached skill level 3 in Stealth
  2897 | D:4      | Reached skill level 2 in Invocations
  2897 | D:4      | Reached XP level 6. HP: 50/50 MP: 8/8
  2919 | D:4      | Reached skill level 5 in Fighting
  2919 | D:4      | Reached skill level 5 in Dodging
  2995 | D:4      | Reached skill level 2 in Short Blades
  2995 | D:4      | Reached skill level 2 in Long Blades
  2995 | D:4      | Reached skill level 2 in Axes
  2995 | D:4      | Reached skill level 2 in Maces & Flails
  2995 | D:4      | Reached skill level 2 in Polearms
  2995 | D:4      | Reached skill level 2 in Staves
  2995 | D:4      | Reached skill level 2 in Throwing
  2995 | D:4      | Reached skill level 2 in Armour
  2995 | D:4      | Reached skill level 2 in Shields
  2995 | D:4      | Reached skill level 2 in Unarmed Combat
  2995 | D:4      | Reached skill level 2 in Spellcasting
  2995 | D:4      | Reached skill level 2 in Evocations
  3097 | D:4      | Found an ornate altar of the Wu Jian Council.
  3184 | D:5      | Entered Level 5 of the Dungeon
  3206 | D:5      | Noticed Ijyb
  3314 | D:5      | Killed Ijyb
  3315 | D:5      | Reached XP level 7. HP: 47/56 MP: 10/10
  3320 | D:5      | Reached skill level 2 in Conjurations
  3320 | D:5      | Reached skill level 2 in Hexes
  3320 | D:5      | Reached skill level 2 in Necromancy
  3320 | D:5      | Reached skill level 2 in Translocations
  3320 | D:5      | Reached skill level 2 in Transmutations
  3320 | D:5      | Reached skill level 2 in Fire Magic
  3320 | D:5      | Reached skill level 2 in Ice Magic
  3320 | D:5      | Reached skill level 2 in Air Magic
  3320 | D:5      | Reached skill level 2 in Earth Magic
  3320 | D:5      | Reached skill level 2 in Poison Magic
  3337 | D:5      | Reached skill level 3 in Summonings
  3339 | D:5      | Reached skill level 9 in Ranged Weapons
  3339 | D:5      | Reached skill level 3 in Invocations
  3493 | D:5      | Noticed Grinder
  3506 | D:5      | Killed Grinder
  3507 | D:5      | Reached skill level 3 in Short Blades
  3507 | D:5      | Reached skill level 3 in Long Blades
  3507 | D:5      | Reached skill level 3 in Axes
  3507 | D:5      | Reached skill level 3 in Maces & Flails
  3507 | D:5      | Reached skill level 3 in Polearms
  3507 | D:5      | Reached skill level 3 in Staves
  3507 | D:5      | Reached skill level 3 in Throwing
  3507 | D:5      | Reached skill level 3 in Armour
  3507 | D:5      | Reached skill level 4 in Stealth
  3507 | D:5      | Reached skill level 3 in Shields
  3507 | D:5      | Reached skill level 3 in Unarmed Combat
  3507 | D:5      | Reached skill level 3 in Spellcasting
  3507 | D:5      | Reached skill level 3 in Evocations
  3507 | D:5      | Reached XP level 8. HP: 44/64 MP: 12/12
  3603 | D:5      | Reached skill level 4 in Summonings
  3699 | D:5      | Reached skill level 4 in Invocations
  3710 | D:5      | Reached skill level 3 in Conjurations
  3710 | D:5      | Reached skill level 3 in Hexes
  3710 | D:5      | Reached skill level 3 in Necromancy
  3710 | D:5      | Reached skill level 3 in Translocations
  3710 | D:5      | Reached skill level 3 in Transmutations
  3710 | D:5      | Reached skill level 3 in Fire Magic
  3710 | D:5      | Reached skill level 3 in Ice Magic
  3710 | D:5      | Reached skill level 3 in Air Magic
  3710 | D:5      | Reached skill level 3 in Earth Magic
  3710 | D:5      | Reached skill level 3 in Poison Magic
  3947 | D:5      | Found a sacrificial altar of Ru.
  4119 | D:6      | Reached skill level 6 in Fighting
  4119 | D:6      | Reached skill level 6 in Dodging
  4138 | D:6      | Noticed Eustachio
  4143 | D:6      | Killed Eustachio
  4144 | D:6      | Reached XP level 9. HP: 69/69 MP: 14/14
  4233 | D:6      | Reached skill level 4 in Short Blades
  4233 | D:6      | Reached skill level 4 in Long Blades
  4233 | D:6      | Reached skill level 4 in Axes
  4233 | D:6      | Reached skill level 4 in Maces & Flails
  4233 | D:6      | Reached skill level 4 in Polearms
  4233 | D:6      | Reached skill level 4 in Staves
  4233 | D:6      | Reached skill level 4 in Throwing
  4233 | D:6      | Reached skill level 4 in Armour
  4233 | D:6      | Reached skill level 4 in Shields
  4233 | D:6      | Reached skill level 4 in Unarmed Combat
  4233 | D:6      | Reached skill level 4 in Spellcasting
  4233 | D:6      | Reached skill level 4 in Evocations
  4270 | D:6      | Reached skill level 5 in Summonings
  4376 | D:6      | Found a basalt altar of Yredelemnul.
  4512 | D:6      | Reached skill level 5 in Stealth
  4725 | D:6      | Noticed a kobold demonologist
  4729 | D:6      | Killed a kobold demonologist
  4805 | D:6      | Reached skill level 5 in Invocations
  4889 | D:6      | Found Bevuivysk's Magic Scroll Shop.
  5271 | D:7      | Reached skill level 4 in Conjurations
  5271 | D:7      | Reached skill level 4 in Hexes
  5271 | D:7      | Reached skill level 4 in Necromancy
  5271 | D:7      | Reached skill level 4 in Translocations
  5271 | D:7      | Reached skill level 4 in Transmutations
  5271 | D:7      | Reached skill level 4 in Fire Magic
  5271 | D:7      | Reached skill level 4 in Ice Magic
  5271 | D:7      | Reached skill level 4 in Air Magic
  5271 | D:7      | Reached skill level 4 in Earth Magic
  5271 | D:7      | Reached skill level 4 in Poison Magic
  5337 | D:7      | Found a bloodstained altar of Trog.
  5438 | D:7      | Found Voneir's Antique Weapon Shop.
  5440 | D:7      | Reached skill level 5 in Short Blades
  5440 | D:7      | Reached skill level 5 in Long Blades
  5440 | D:7      | Reached skill level 5 in Axes
  5440 | D:7      | Reached skill level 5 in Maces & Flails
  5440 | D:7      | Reached skill level 5 in Polearms
  5440 | D:7      | Reached skill level 5 in Staves
  5440 | D:7      | Reached skill level 5 in Throwing
  5440 | D:7      | Reached skill level 5 in Armour
  5440 | D:7      | Reached skill level 5 in Shields
  5440 | D:7      | Reached skill level 5 in Unarmed Combat
  5440 | D:7      | Reached skill level 5 in Spellcasting
  5440 | D:7      | Reached skill level 5 in Evocations
  5448 | D:7      | Reached XP level 10. HP: 77/77 MP: 17/17
  5481 | D:7      | Found a staircase to the Ecumenical Temple.
  5518 | D:7      | Reached skill level 6 in Summonings
  5540 | Temple   | Entered the Ecumenical Temple
  5704 | Temple   | Became a worshipper of Ashenzari the Shackled
  5751 | D:7      | Reached skill level 10 in Ranged Weapons
  5772 | D:7      | Found a runed translucent door.
  5773 | D:7      | Noticed Crazy Yiuf
  6198 | D:7      | Killed Crazy Yiuf
  6484 | D:8      | Noticed Erica
  6497 | D:8      | Killed Erica
  6498 | D:8      | Reached skill level 7 in Fighting
  6498 | D:8      | Reached skill level 7 in Dodging
  6586 | D:8      | Noticed Gastronok
  7015 | D:8      | Found an iron altar of Okawaru.
  7079 | D:8      | Killed Gastronok
  7080 | D:8      | Reached skill level 6 in Stealth
  7080 | D:8      | Reached skill level 6 in Invocations
  7280 | D:9      | Noticed Harold
  7524 | D:9      | Killed Harold
  7525 | D:9      | Reached skill level 7 in Summonings
  7867 | D:9      | Found a staircase to the Orcish Mines.
  7904 | D:9      | Reached skill level 6 in Short Blades
  7904 | D:9      | Reached skill level 6 in Long Blades
  7904 | D:9      | Reached skill level 6 in Axes
  7904 | D:9      | Reached skill level 6 in Maces & Flails
  7904 | D:9      | Reached skill level 6 in Polearms
  7904 | D:9      | Reached skill level 6 in Staves
  7904 | D:9      | Reached skill level 6 in Throwing
  7904 | D:9      | Reached skill level 6 in Armour
  7904 | D:9      | Reached skill level 6 in Shields
  7904 | D:9      | Reached skill level 6 in Unarmed Combat
  7904 | D:9      | Reached skill level 6 in Spellcasting
  7904 | D:9      | Reached skill level 6 in Evocations
  7910 | D:9      | Reached skill level 5 in Conjurations
  7910 | D:9      | Reached skill level 5 in Hexes
  7910 | D:9      | Reached skill level 5 in Necromancy
  7910 | D:9      | Reached skill level 5 in Translocations
  7910 | D:9      | Reached skill level 5 in Transmutations
  7910 | D:9      | Reached skill level 5 in Fire Magic
  7910 | D:9      | Reached skill level 5 in Ice Magic
  7910 | D:9      | Reached skill level 5 in Air Magic
  7910 | D:9      | Reached skill level 5 in Earth Magic
  7910 | D:9      | Reached skill level 5 in Poison Magic
  7910 | D:9      | Reached XP level 11. HP: 80/85 MP: 20/20
  7973 | D:9      | Paralysed by a floating eye for 2 turns
  8381 | D:9      | Reached skill level 7 in Invocations
  8771 | D:9      | Found a burning altar of Makhleb.
  8771 | D:9      | Found a radiant altar of Vehumet.
  8860 | D:10     | Entered Level 10 of the Dungeon
  8866 | D:9      | Learned a level 2 spell: Blink
  8868 | D:9      | Learned a level 1 spell: Apportation
  8874 | D:9      | Learned a level 5 spell: Borgnjor's Vile Clutch
  8878 | D:9      | Learned a level 3 spell: Dazzling Flash
  9049 | D:10     | Found a snail-covered altar of Cheibriados.
  9141 | D:10     | Reached skill level 8 in Fighting
  9141 | D:10     | Reached skill level 8 in Dodging
  9217 | D:10     | Reached skill level 7 in Stealth
  9536 | D:10     | Found a staircase to the Lair.
  9711 | D:10     | Noticed a manticore
  9717 | D:10     | Killed a manticore
  9718 | D:10     | Reached skill level 8 in Summonings
  9755 | D:10     | Found an ancient bone altar of Kikubaaqudgha.
  9811 | D:10     | Noticed Nergalle
  9981 | D:10     | Killed Nergalle
 10272 | D:11     | HP: 20/87 [gnoll/+0 halberd[a gnoll sergeant] (5)]
 10281 | D:11     | HP: 12/87 [centaur/arrow (9)]
 10562 | D:11     | Reached skill level 11 in Ranged Weapons
 10725 | D:11     | Reached skill level 7 in Short Blades
 10725 | D:11     | Reached skill level 7 in Long Blades
 10725 | D:11     | Reached skill level 7 in Axes
 10725 | D:11     | Reached skill level 7 in Maces & Flails
 10725 | D:11     | Reached skill level 7 in Polearms
 10725 | D:11     | Reached skill level 7 in Staves
 10725 | D:11     | Reached skill level 7 in Throwing
 10725 | D:11     | Reached skill level 7 in Armour
 10725 | D:11     | Reached skill level 7 in Shields
 10725 | D:11     | Reached skill level 7 in Unarmed Combat
 10725 | D:11     | Reached skill level 7 in Spellcasting
 10725 | D:11     | Reached skill level 7 in Evocations
 10902 | D:11     | Noticed a manticore
 10907 | D:11     | Killed a manticore
 10999 | D:11     | Noticed a cyclops
 11002 | D:11     | Killed a cyclops
 11003 | D:11     | Reached XP level 12. HP: 94/94 MP: 22/22
 11477 | D:12     | Noticed a boulder beetle
 11624 | D:11     | HP: 15/94 [troll (12)]
 11626 | D:11     | Reached skill level 6 in Conjurations
 11626 | D:11     | Reached skill level 6 in Hexes
 11626 | D:11     | Reached skill level 6 in Necromancy
 11626 | D:11     | Reached skill level 6 in Translocations
 11626 | D:11     | Reached skill level 6 in Transmutations
 11626 | D:11     | Reached skill level 6 in Fire Magic
 11626 | D:11     | Reached skill level 6 in Ice Magic
 11626 | D:11     | Reached skill level 6 in Air Magic
 11626 | D:11     | Reached skill level 6 in Earth Magic
 11626 | D:11     | Reached skill level 6 in Poison Magic
 11626 | D:11     | Slain by a troll

Illustrated notes

Levels and vault maps discovered:
D:1:      psy_arrival_dodecagon, layout_basic,
          dreamdust_ecumenical_altar_sealed_demon
D:2:      layout_loops_cross, serial_shops, shop, minmay_misc_feat_cross,
          glass_columns_c, minmay_ruptured
D:3:      layout_basic, xom_butterflies, nicolae_qazlal_scattered_showers,
          nicolae_overflow_crystal_walls, tso_oasis_becter
D:4:      layout_cave_pools, kennysheep_mini, nicolae_wu_jian_wuxing_cycle,
          serial_column_ruins, column_ruins_circle_small, column_ruins_grid_3,
          column_ruins_open_large, column_ruins_grid_1, column_ruins_grid_1,
          column_ruins_open_tiny, chequers_hall_statues_wall_a,
          chequers_serial_rivers_micro_c, uniq_blork_the_orc
D:5:      minmay_evil_eye, layout_rooms, nicolae_ru_the_path_less_chosen,
          uniq_ijyb, uniq_grinder
D:6:      layout_basic, mainiacjoe_overflow_paths, serial_shops,
          nicolae_shop_tiny_statue_garden, uniq_eustachio
D:7:      layout_basic, trog_three_pillars_becter,
          minmay_temple_entry_antechambers, serial_shops, shop,
          patterned_corridor, uniq_crazy_yiuf_cottage
D:8:      layout_basic, mainiacjoe_overflow_brackets, minmay_misc_feat_rows,
          uniq_erica, uniq_gastronok
D:9:      layout_stronghold, grunt_temple_overflow_lords_of_destruction,
          orc_0_dummy, onia_ninara_cookie, uniq_harold
D:10:     layout_loops_ring, kiku_gazebo_garden_becter, cheibriados_altar_1,
          erik_lair_dragon, reono_crystal_passage, uniq_nergalle
D:11:     layout_big_octagon, portal_ice_cave_demonic_guard
D:12:     layout_loops_cross, grunt_ministairs_6
Temple:   hellmonk_temple_forest_ring

Skill      XL: |  1  2  3  4  5  6  7  8  9 10 11 12 |
---------------+-------------------------------------+-----
Invocations    | 1 2 3 4 5 6 7 |  7.9
Summonings     | 1 2 3 4 5 7 8 |  8.6
Short Blades   | 1 2 3 5 6 7 |  7.2
Long Blades    | 1 2 3 5 6 7 |  7.2
Axes           | 1 2 3 5 6 7 |  7.2
Maces & Flails | 1 2 3 5 6 7 |  7.2
Polearms       | 1 2 3 5 6 7 |  7.2
Staves         | 1 2 3 5 6 7 |  7.2
Throwing       | 1 2 3 5 6 7 |  7.2
Armour         | 1 2 3 5 6 7 |  7.2
Shields        | 1 2 3 5 6 7 |  7.2
Unarmed Combat | 1 2 3 5 6 7 |  7.2
Spellcasting   | 1 2 3 5 6 7 |  7.2
Evocations     | 1 2 3 5 6 7 |  7.2
Conjurations   | 1 2 3 4 5 6 |  6.0
Hexes          | 1 2 3 4 5 6 |  6.0
Necromancy     | 1 2 3 4 5 6 |  6.0
Translocations | 1 2 3 4 5 6 |  6.0
Transmutations | 1 2 3 4 5 6 |  6.0
Fire Magic     | 1 2 3 4 5 6 |  6.0
Ice Magic      | 1 2 3 4 5 6 |  6.0
Air Magic      | 1 2 3 4 5 6 |  6.0
Earth Magic    | 1 2 3 4 5 6 |  6.0
Poison Magic   | 1 2 3 4 5 6 |  6.0
Stealth        | 3 4 5 6 7 |  7.6
Fighting       | 5 6 7 8 |  8.6
Dodging        | 5 6 7 8 |  8.6
Ranged Weapons | 9 10 11 | 11.1

Action                     |  1- 3 |  4- 6 |  7- 9 | 10-12 || total
---------------------------+-------+-------+-------+-------++-------
  Melee: Hand crossbow     |       |       |       |     3 ||     3
         Bite              |       |       |       |     1 ||     1
   Fire: Sling             |    30 |       |       |       ||    30
         Hand crossbow     |    45 |    82 |   187 |   354 ||   668
    Use: Scroll            |     3 |       |       |     2 ||     5
 Armour: Leather armour    |    13 |     7 |    26 |   118 ||   164
  Dodge: Dodged            |    38 |    19 |    62 |   311 ||   430
  Block: Kite shield       |       |       |       |   157 ||   157

Levels and vault maps discovered:
D:1:      psy_arrival_dodecagon, layout_basic,
          dreamdust_ecumenical_altar_sealed_demon
D:2:      layout_loops_cross, serial_shops, shop, minmay_misc_feat_cross,
          glass_columns_c, minmay_ruptured
D:3:      layout_basic, xom_butterflies, nicolae_qazlal_scattered_showers,
          nicolae_overflow_crystal_walls, tso_oasis_becter
D:4:      layout_cave_pools, kennysheep_mini, nicolae_wu_jian_wuxing_cycle,
          serial_column_ruins, column_ruins_circle_small, column_ruins_grid_3,
          column_ruins_open_large, column_ruins_grid_1, column_ruins_grid_1,
          column_ruins_open_tiny, chequers_hall_statues_wall_a,
          chequers_serial_rivers_micro_c, uniq_blork_the_orc
D:5:      minmay_evil_eye, layout_rooms, nicolae_ru_the_path_less_chosen,
          uniq_ijyb, uniq_grinder
D:6:      layout_basic, mainiacjoe_overflow_paths, serial_shops,
          nicolae_shop_tiny_statue_garden, uniq_eustachio
D:7:      layout_basic, trog_three_pillars_becter,
          minmay_temple_entry_antechambers, serial_shops, shop,
          patterned_corridor, uniq_crazy_yiuf_cottage
D:8:      layout_basic, mainiacjoe_overflow_brackets, minmay_misc_feat_rows,
          uniq_erica, uniq_gastronok
D:9:      layout_stronghold, grunt_temple_overflow_lords_of_destruction,
          orc_0_dummy, onia_ninara_cookie, uniq_harold
D:10:     layout_loops_ring, kiku_gazebo_garden_becter, cheibriados_altar_1,
          erik_lair_dragon, reono_crystal_passage, uniq_nergalle
D:11:     layout_big_octagon, portal_ice_cave_demonic_guard
D:12:     layout_loops_cross, grunt_ministairs_6
Temple:   hellmonk_temple_forest_ring

Table legend: (Time is in decaauts)
 A = Elapsed time spent in this place.
 B = Non-inter-level travel time spent in this place.
 C = Inter-level travel time spent in this place.
 D = Time resting spent in this place.
 E = Time spent auto-exploring this place.
 F = Levels seen in this place.
 G = Mean time per level.
                   A        B        C        D        E       F      G
               +--------+--------+--------+--------+--------+-----+--------+
         Total |  11997 |  10976 |   1021 |      2 |   9265 |  13 |  922.8 |
       Dungeon |  11817 |  10830 |    987 |      2 |   9130 |  12 |  984.8 |
        Temple |    179 |    145 |     34 |      0 |    135 |   1 |  179.0 |
               +--------+--------+--------+--------+--------+-----+--------+

Top non-repeatable levels by time:
     D:9: 1416 daAuts
    D:10: 1391 daAuts
     D:7: 1312 daAuts
    D:11: 1248 daAuts
     D:8: 1158 daAuts
     D:6: 1075 daAuts
     D:1: 1057 daAuts
     D:3: 857 daAuts
     D:5: 818 daAuts
     D:4: 759 daAuts
     D:2: 698 daAuts
  Temple: 179 daAuts
    D:12: 24 daAuts

Table legend:
 A = Kills in this place as a percentage of kills in the entire game.
 B = Kills by you in this place as a percentage of kills by you in the entire game.
 C = Kills by friends in this place as a percentage of kills by friends in the entire game.
 D = Other kills in this place as a percentage of other kills in the entire game.
 E = Experience gained in this place as a percentage of experience gained in the entire game.
 F = Experience gained in this place divided by the number of levels of this place that you have seen.
                   A       B       C       D       E      F
               +-------+-------+-------+-------+-------+----------------------
         Total | 100.0 | 100.0 |   N/A | 100.0 | 100.0 | 1498.2
       Dungeon | 100.0 | 100.0 |   N/A | 100.0 | 100.0 | 1623.0
               +-------+-------+-------+-------+-------+----------------------
